Cogmind - Beta 14 @@@ ROGUE MODE // 2024.12.21 @ 16:22:47 Player: deadnoob Result: Destroyed by S-27 Virus with Autogun Performance ------------- Evolutions (4) 2000 Regions Visited (7) 1400 Robots Destroyed (24) 120 Value Destroyed (749) 749 Prototype IDs (17) 340 Alien Tech Used (0) 0 Bonus (560) 560 TOTAL SCORE: 5169 Bonus ------- Follower Combat Kills 353 Registered with UFD 300 Friendly Fire -93 Cogmind --------- Core Integrity 0/850 Matter 155/300 Energy 38/100 System Corruption 1% Temperature Cool (0) Movement Core (50) Location -6/Lower Caves Parts ------- > --- POWER (2) -------- (None) > --- PROPULSION (4) --- (None) > --- UTILITY (7) ------ A0-MCA's Component Scanner > --- WEAPON (2) ------- (None) > --- INVENTORY (5) ---- Scrap Suit Proton Cannon CPS Tube (2) Peak State ------------ > --- POWER ------------ Deuterium Engine Light Nuclear Core > --- PROPULSION ------- Light Treads Light Treads Light Treads Spiked Treads > --- UTILITY ---------- High-capacity Storage Unit Active Sensor Suite Makeshift Transmission Jammer Enhanced Scrap Shield > --- WEAPON ----------- Heavy Machine Gun Advanced Assault Cannon > --- INVENTORY -------- Armored Leg Scrap Suit Enhanced Optical Array Advanced Sensor Array Light Armor Plating Improved Medium Armor Plating Improved Heavy Armor Plating Insulated Plating A0-MCA's Component Scanner EM Pulse Cannon Proton Cannon Gauss Rifle Improved Datajack CPS Tube CPS Tube Stasis Beam Makeshift Spear Botcube [Rating: 74] Favorites ----------- Power Light Ion Engine Engine Light Ion Engine Power Core Light Nuclear Core Propulsion Light Treads Treads Light Treads Leg Aluminum Leg Wheel Overtuned Scrapsphere Utility High-capacity Storage Unit Device V3-11A's Pendant Storage High-capacity Storage Unit Processor A0-MCA's Component Scanner Protection Light Armor Plating Weapon Makeshift Spear Energy Gun Medium Laser Energy Cannon EM Pulse Cannon Ballistic Gun Subdweller Machine Gun Ballistic Cannon Light Cannon Special Weapon Stasis Beam Piercing Weapon Makeshift Spear Special Melee Weapon Improved Datajack Build | -11 -10 -10 -8 -8 -6 -6 -6 ------- Run | Yrd Mat Sub Rec Scr Fac Low Low Slots Evolved 8 | . . . . . 8 . . Power 1 | . . . . . 1 . . Propulsion 2 | . . . . . 2 . . Utility 5 | . . . . . 5 . . Weapon . | . . . . . . . . Parts Attached 49 | . 3 15 4 5 6 7 9 Power 5 | . . 2 . 1 . 1 1 Engine 4 | . . 2 . . . 1 1 Core 1 | . . . . 1 . . . Reactor . | . . . . . . . . Propulsion 8 | . . 2 1 3 2 . . Treads 7 | . . 2 1 2 2 . . Leg . | . . . . . . . . Wheel 1 | . . . . 1 . . . Hover . | . . . . . . . . Flight . | . . . . . . . . Utility 13 | . 1 3 1 . 3 1 4 Device 5 | . 1 1 . . 1 . 2 Storage 1 | . . 1 . . . . . Processor 1 | . . . . . . . 1 Hackware . | . . . . . . . . Protection 6 | . . 1 1 . 2 1 1 Artifact . | . . . . . . . . Weapon 23 | . 2 8 2 1 1 5 4 Energy Gun 1 | . . 1 . . . . . Energy Cannon 1 | . . . . 1 . . . Ballistic Gun 8 | . . 4 . . . 2 2 Ballistic Cannon 6 | . 2 2 . . . 1 1 Launcher . | . . . . . . . . Special Weapon 1 | . . . . . . . 1 Impact Weapon . | . . . . . . . . Slashing Weapon . | . . . . . . . . Piercing Weapon 5 | . . 1 1 . 1 2 . Special Melee Weapon 1 | . . . 1 . . . . Unidentified Prototypes 2 | . . 1 . . . 1 . Parts Lost 12 | . . . . . . . 12 Power 2 | . . . . . . . 2 Propulsion 4 | . . . . . . . 4 Utility 3 | . . . . . . . 3 Weapon 3 | . . . . . . . 3 Highest Loss Streak 11 | . . . . . . . 11 To Critical Strikes . | . . . . . . . . Average Slot Usage (%) 94 | . 91 99 100 100 68 73 74 Engine 10 | . 14 14 14 9 . . 5 Core 2 | . . . . 4 6 6 5 Treads 26 | . . 26 28 28 26 26 23 Leg 1 | . 28 1 . . . . . Device 5 | . 6 11 . . 6 6 11 Storage 12 | . 14 14 14 14 6 6 5 Protection 8 | . . 2 14 14 8 12 5 Energy Cannon 1 | . . . . 2 2 . . Ballistic Gun 7 | . . 18 10 . . 5 5 Ballistic Cannon 1 | . 7 2 . . . 2 . Piercing Weapon 8 | . . 6 13 11 3 2 4 Special Melee Weapon 5 | . . . 3 14 6 . . Peak Build Rating 74 | 6 7 16 30 22 52 70 74 Average Rating 24 | 6 6 13 14 17 48 63 68 On Entrance 23 | 6 6 7 15 15 21 52 68 Naked Turns . | . . . . . . . . Heaviest Build 87 | 12 15 54 52 55 61 81 87 Greatest Support 80 | 20 20 40 40 40 80 80 80 Greatest Overweight (x) 2 | . . 2 1 1 . 1 1 Average Overweight (x) . | . . . 1 1 . . . Largest Inventory Capacity 20 | 8 8 20 20 20 20 20 20 Average Capacity 19 | 8 8 19 20 20 20 20 19 Most Carried 20 | 5 8 20 20 20 18 18 20 Average Carried 18 | 5 7 18 19 19 13 16 18 Final Capacity 20 | 8 8 20 20 20 20 20 5 Final Carried 20 | 4 8 19 20 19 11 18 4 Class Distribution -------------------- 82% | Mutant 11% | Derelict-Assassin 5% | Derelict-Skirmisher Dominant Class ---------------- Mutant | -10/Materials Mutant | -10/Subcaves Mutant | -8/Recycling Mutant | -8/Scraptown Assassin | -6/Factory Derelict-Assassin | -6/Lower Caves Derelict-Assassin | -6/Lower Caves Resources | -11 -10 -10 -8 -8 -6 -6 -6 ----------- Run | Yrd Mat Sub Rec Scr Fac Low Low Matter Collected 1003 | 194 16 297 42 . 110 174 170 Remotely 66 | . . . . . . . 66 Salvage Created 1145 | . 150 239 207 . 51 336 162 Parts 67 | . 10 24 11 . 9 8 5 Haulers Intercepted . | . . . . . . . . Recyclers Shooed . | . . . . . . . . Parts Field Recycled . | . . . . . . . . Retrieved Matter . | . . . . . . . . Parts Self-Destructed 27 | . . 20 . . . 3 4 Prevented . | . . . . . . . . Kills | -11 -10 -10 -8 -8 -6 -6 -6 ------- Run | Yrd Mat Sub Rec Scr Fac Low Low Combat Hostiles Destroyed 18 | . 7 3 1 . . 3 4 Melee 1 | . . . 1 . . . . Guns 11 | . 7 2 . . . . 2 Cannons 6 | . . 1 . . . 3 2 Classes Destroyed 11 | . 2 3 1 . 2 1 2 Builder 1 | . . . . . 1 . . Tunneler 1 | . . . . . 1 . . Recycler 2 | . . . 2 . . . . Turret 1 | . . 1 . . . . . Swarmer 6 | . 6 . . . . . . Grunt 8 | . 1 1 . . . 3 3 Researcher 1 | . . . . . . 1 . Sentry 2 | . . 1 1 . . . . Programmer 1 | . . . . . . . 1 Subdweller 1 | . . 1 . . . . . Decomposer 1 | . . . . . . . 1 Best Kill Streak 5 | . 5 2 2 . 2 3 2 Combat Bots Only 5 | . 5 2 1 . . 3 2 Max Kills in Single Turn 1 | . 1 1 1 . 1 1 1 Gunslinging . | . . . . . . . . Exploded . | . . . . . . . . Melee 1 | . . . 1 . . . . Uniques/NPCs Destroyed . | . . . . . . . . Combat | -11 -10 -10 -8 -8 -6 -6 -6 -------- Run | Yrd Mat Sub Rec Scr Fac Low Low Hostile Shots Fired 299 | . 35 23 . . 20 42 179 Missed 80 | . 8 13 . . 6 14 39 Damage Taken 3679 | . 222 197 19 . 200 448 2593 Core 982 | . 48 61 19 . . 20 834 Absorbed by Shields . | . . . . . . . . Regen/Repaired (Parts) 167 | . . . . 167 . . . Core Remaining (%) 74 | 100 . . . 48 . . . Volleys Fired 103 | . 15 45 1 . . 13 29 Largest 2 | . 2 2 1 . . 2 2 Hottest 100 | . 100 70 30 . . 63 78 Shots Fired 180 | . 30 67 1 . . 26 56 Gun 134 | . 30 63 1 . . 13 27 Cannon 44 | . . 4 . . . 13 27 Launcher . | . . . . . . . . Special 2 | . . . . . . . 2 Kinetic 145 | . . 64 1 . . 26 54 Thermal 33 | . 30 3 . . . . . Explosive . | . . . . . . . . Electromagnetic . | . . . . . . . . Robot Hit Streak 11 | . 6 11 1 . . 8 6 Robot Miss Streak 4 | . 4 4 . . . 1 2 Penetration Max 1 | . . . . . . 1 . Secondary Targets . | . . . . . . . . Shots Hit Robots 122 | . 17 31 7 1 5 23 38 Core Hits 51 | . 9 15 3 . 2 11 11 Critical Kills . | . . . . . . . . Critical Parts Destroyed 1 | . . 1 . . . . . Critical Strikes 7 | . 3 1 . . 1 1 1 Burn 3 | . 3 . . . . . . Destroy 1 | . . 1 . . . . . Blast 2 | . . . . . . 1 1 Impale 1 | . . . . . 1 . . Melee Attacks 40 | . . 7 9 1 6 13 4 Impact . | . . . . . . . . Slashing . | . . . . . . . . Piercing 36 | . . 7 6 . 6 13 4 Sneak Attacks 12 | . . . 5 1 3 1 2 Combat Hostiles . | . . . . . . . . Follow-up Attacks . | . . . . . . . . Damage Inflicted 2639 | . 228 573 137 . 212 552 937 Guns 1392 | . 225 516 19 . . 209 423 Cannons 634 | . . 57 . . . 173 404 Explosions . | . . . . . . . . Melee 610 | . . . 118 . 212 170 110 Ramming 3 | . 3 . . . . . . Kinetic 1776 | . . 548 19 . . 382 827 Thermal 250 | . 225 25 . . . . . Explosive . | . . . . . . . . Electromagnetic . | . . . . . . . . Impact . | . . . . . . . . Slashing . | . . . . . . . . Piercing 610 | . . . 118 . 212 170 110 Highest Corruption 1 | . . . . . . . 1 Average Corruption 1 | . . . . . . . 1 Corruption Purged . | . . . . . . . . Corruption Blocked . | . . . . . . . . Overload Shots . | . . . . . . . . Overflow Damage 99 | . . . 2 . . 54 43 Projectiles 16 | . . . . . . . 16 Explosions . | . . . . . . . . Melee 83 | . . . 2 . . 54 27 Knockbacks 9 | . . 1 . . . 1 7 Impact . | . . . . . . . . Kinetic 8 | . . 1 . . . 1 6 Secondary 1 | . . . . . . . 1 Self-Inflicted Damage . | . . . . . . . . Shots . | . . . . . . . . Rammed . | . . . . . . . . Targets Rammed 1 | . 1 . . . . . . Kicked 1 | . 1 . . . . . . Crushed . | . . . . . . . . Highest Temperature 380 | . 330 12 . . . 52 380 Average Temperature 160 | . 202 12 . . . 25 190 Received Heat Transfer 840 | . 18 63 6 . 9 184 560 Effects 2 | . . . . . . . 2 Matter Decay 1 | . . . . . . . 1 Short Circuit 1 | . . . . . . . 1 Siege Activations . | . . . . . . . . Robots Corrupted . | . . . . . . . . Combat Hostiles . | . . . . . . . . Parts Fried . | . . . . . . . . Impact Corruptions . | . . . . . . . . Robots Melted . | . . . . . . . . Combat Hostiles . | . . . . . . . . Parts Melted 1 | . . . . . . . 1 Heat Transferred 925 | . 851 74 . . . . . Parts Sabotaged . | . . . . . . . . Parts Stolen . | . . . . . . . . Parts Stripped . | . . . . . . . . Power Chain Reactions . | . . . . . . . . Alert | -11 -10 -10 -8 -8 -6 -6 -6 ------- Run | Yrd Mat Sub Rec Scr Fac Low Low Peak Influence 248 | . 221 . 165 . 248 . . Initial 16 | . . . 16 . . . . Average 53 | . 125 . 38 . 65 . . Maximum Alert Level 1 | . 1 . . . 1 . . Low Security (%) 93 | 100 58 . 100 . 92 . . Level 1 6 | . 41 . . . 7 . . Level 2 . | . . . . . . . . Level 3 . | . . . . . . . . Level 4 . | . . . . . . . . Level 5 . | . . . . . . . . High Security . | . . . . . . . . Max Security . | . . . . . . . . Squads Dispatched 6 | . 3 . . . 3 . . Investigation 3 | . 2 . . . 1 . . Extermination . | . . . . . . . . Reinforcement 3 | . 1 . . . 2 . . Assault . | . . . . . . . . Garrison . | . . . . . . . . Intercept . | . . . . . . . . Searches Triggered . | . . . . . . . . Construction Impeded . | . . . . . . . . Haulers Reinforced 1 | . . . . . 1 . . Active Scanning Responses 1 | . . . . . 1 . . Cargo Convoy Interrupts . | . . . . . . . . Stealth | -11 -10 -10 -8 -8 -6 -6 -6 --------- Run | Yrd Mat Sub Rec Scr Fac Low Low Distress Signals 2 | . 2 . . . . . . Communications Jammed . | . . . . . . . . Distress Signals . | . . . . . . . . Times Spotted 51 | . 10 14 2 . 9 4 12 Peak Tracking Total 9 | . 5 3 1 . 5 3 9 Tactical Retreats 4 | . 1 1 . . . 1 1 Traps | -11 -10 -10 -8 -8 -6 -6 -6 ------- Run | Yrd Mat Sub Rec Scr Fac Low Low Traps Triggered 2 | . 1 1 . . . . . Indirectly . | . . . . . . . . Trap Hack Attempts . | . . . . . . . . Triggered . | . . . . . . . . Disarmed . | . . . . . . . . Reprogrammed . | . . . . . . . . Reused 1 | . . . . . 1 . . Traps Extracted . | . . . . . . . . Installed 1 | . . . . . 1 . . Triggered 1 | . . . . . 1 . . Most Traps Carried 2 | . . 1 1 2 1 . . Machines | -11 -10 -10 -8 -8 -6 -6 -6 ---------- Run | Yrd Mat Sub Rec Scr Fac Low Low Machines Disabled . | . . . . . . . . Max in Single Turn . | . . . . . . . . Machines Repaired . | . . . . . . . . Machines Dismantled . | . . . . . . . . Machines Sabotaged 1 | . . . 1 . . . . Overloaded Fab Kills . | . . . . . . . . Hacking | -11 -10 -10 -8 -8 -6 -6 -6 --------- Run | Yrd Mat Sub Rec Scr Fac Low Low Machines Accessed 21 | . 2 1 10 7 1 . . Terminals 8 | . 1 . 6 . 1 . . Fabricators . | . . . . . . . . Repair Stations . | . . . . . . . . Recycling Units 4 | . 1 . 3 . . . . Scanalyzers . | . . . . . . . . Garrison Access . | . . . . . . . . Total Hacks 73 | . 6 4 37 25 1 . . Successful 58 | . 2 4 27 25 . . . Failed 14 | . 4 . 9 . 1 . . Catastrophic 1 | . . . . . 1 . . Database Lockouts 1 | . . . 1 . . . . Manual 23 | . 6 . 16 . 1 . . Terminals 20 | . 4 . 15 . 1 . . Fabricators . | . . . . . . . . Repair Stations . | . . . . . . . . Recycling Units 5 | . 2 . 3 . . . . Scanalyzers . | . . . . . . . . Garrison Access . | . . . . . . . . Terminal Hacks 53 | . 1 4 23 25 . . . Record 47 | . . 4 19 24 . . . Part Schematic 1 | . . . 1 . . . . Robot Analysis 3 | . 1 . 2 . . . . Prototype ID Bank 1 | . . . 1 . . . . Derelict Proto ID Bank 1 | . . . . 1 . . . Fabricator Hacks . | . . . . . . . . Repair Station Hacks . | . . . . . . . . Recycling Unit Hacks . | . . . . . . . . Scanalyzer . | . . . . . . . . Garrison Access Hacks . | . . . . . . . . Unauthorized Hacks 5 | . 1 . 4 . . . . Terminals 1 | . . . 1 . . . . Sabotage 1 | . . . 1 . . . . Fabricators . | . . . . . . . . Repair Stations . | . . . . . . . . Recycling Units 4 | . 1 . 3 . . . . Tunnel 4 | . 1 . 3 . . . . Scanalyzers . | . . . . . . . . Garrison Access . | . . . . . . . . Data Cores Recovered . | . . . . . . . . Used . | . . . . . . . . Hacking Detections 7 | . 1 . 5 . 1 . . Full Trace Events 2 | . . . 2 . . . . Feedback Events . | . . . . . . . . Feedback Blocked . | . . . . . . . . Robot Schematics Acquired . | . . . . . . . . Robots Built . | . . . . . . . . Authchips . | . . . . . . . . Time . | . . . . . . . . Total Robot Build Rating . | . . . . . . . . Part Schematics Acquired 1 | . . . 1 . . . . Parts Built . | . . . . . . . . Authchips . | . . . . . . . . Time . | . . . . . . . . Total Part Build Rating . | . . . . . . . . Parts Repaired . | . . . . . . . . Time . | . . . . . . . . Parts Recycled . | . . . . . . . . Recycled Matter . | . . . . . . . . Retrieved Matter . | . . . . . . . . Retrieved Components . | . . . . . . . . Parts Scanalyzed . | . . . . . . . . Part Schematics Acquired . | . . . . . . . . Parts Damaged . | . . . . . . . . Bothacking | -11 -10 -10 -8 -8 -6 -6 -6 ------------ Run | Yrd Mat Sub Rec Scr Fac Low Low Used RIF Installer . | . . . . . . . . Robots Hacked 1 | . . . . 1 . . . Non-combat . | . . . . . . . . Combat 1 | . . . . 1 . . . Robot Hacks Applied 1 | . . . . 1 . . . parse_system 1 | . . . . 1 . . . Relay Couplers Released . | . . . . . . . . Fabnet Peak Effective % . | . . . . . . . . Robots Rewired 1 | . . . 1 . . . . Allies Hacked . | . . . . . . . . Hacks Repelled . | . . . . . . . . Allies | -11 -10 -10 -8 -8 -6 -6 -6 -------- Run | Yrd Mat Sub Rec Scr Fac Low Low Total Allies 15 | . . 14 1 . . . . Largest Group 12 | . . 12 12 12 11 . . Highest-Rated Group 228 | . . 228 228 219 209 . . Highest-Rated Ally 19 | . . 19 19 19 19 . . Total Orders 1 | . . . . 1 . . . STAY 1 | . . . . 1 . . . Ally Attacks 106 | . . 33 23 . 50 . . Total Damage 1627 | . . 453 383 . 791 . . Kills 17 | . . 4 5 . 8 . . Allies Corrupted . | . . . . . . . . Allies Melted . | . . . . . . . . Intel | -11 -10 -10 -8 -8 -6 -6 -6 ------- Run | Yrd Mat Sub Rec Scr Fac Low Low Robot Analysis Total 3 | . 1 . 2 . . . . Derelict Logs Recovered 7 | . . 1 . 5 . 1 . Drone Launches . | . . . . . . . . Drone Recoveries . | . . . . . . . . Exploration | -11 -10 -10 -8 -8 -6 -6 -6 ------------- Run | Yrd Mat Sub Rec Scr Fac Low Low Turns Passed 16017 | 1 355 5197 1821 5719 244 1467 1213 Spaces Moved 6839 | 1 179 2168 737 2319 128 802 505 Core 105 | . . . . . . . 105 Treads 6359 | . . 1973 737 2319 128 802 400 Legs 375 | 1 179 195 . . . . . Wheels . | . . . . . . . . Hover . | . . . . . . . . Flight . | . . . . . . . . Fastest Speed 50 | 120 120 120 240 240 160 160 50 Average Speed 219 | 120 120 229 240 241 160 160 191 Slowest Speed 260 | 120 120 260 240 250 160 245 245 Overloaded Moves . | . . . . . . . . Propulsion Burnouts . | . . . . . . . . Robots Hopped . | . . . . . . . . Cave-ins Triggered . | . . . . . . . . Exploration Rate (%) 54 | 2 27 96 99 95 4 60 49 Regions Visited 7 Branch Regions 5 Pre-discovered Areas 5 | . 1 1 3 . . . . Known Exits Taken 2 | . . . . . 1 1 . Unknown Exits Taken 5 | 1 1 1 1 1 . . . Scrap Searched 33 | . . 13 . 11 . 2 7 Spaces Dug 11 | . . 1 2 . 1 6 1 Terrain Destroyed 20 | . . 1 2 . 1 6 10 Melee 11 | . . 1 2 . 1 6 1 Projectile 9 | . . . . . . . 9 AOE . | . . . . . . . . Terrain Rammed . | . . . . . . . . Walls Destroyed . | . . . . . . . . Machines Disabled . | . . . . . . . . Actions | -11 -10 -10 -8 -8 -6 -6 -6 --------- Run | Yrd Mat Sub Rec Scr Fac Low Low Total 7631 | 2 287 2321 792 2433 160 943 693 Wait 459 | . 86 53 . 77 19 97 127 Move 6832 | . 178 2167 736 2318 127 801 505 Hop . | . . . . . . . . Pick Up 74 | . 4 18 21 16 . 8 7 Fast Attach 11 | . 1 4 . 1 . 1 4 Attach 11 | . . 2 . . 5 1 3 Detach 4 | . . 3 . . . 1 . Swap 27 | . 2 9 4 4 1 5 2 Drop 68 | 2 . 13 21 16 1 3 12 Fire 103 | . 15 45 1 . . 13 29 Melee 40 | . . 7 9 1 6 13 4 Ram . | . . . . . . . . Kick 1 | . 1 . . . . . . Crush . | . . . . . . . . Escape Stasis . | . . . . . . . . Rewire . | . . . . . . . . Trap 1 | . . . . . 1 . . Miscellaneous . | . . . . . . . . Route ------- -11/Scrapyard -10/Materials -10/Subcaves (discovered 3 exits: [*Mat x2] / *Rec) -8/Recycling (discovered 2 exits: *Fac / *Scr) -8/Scraptown (discovered 2 exits: *Fac x2) -6/Factory (discovered 8 exits: *Fac x4 / *Low x2 / Ext x2) -6/Lower Caves -6/Lower Caves (discovered 1 exit: *Fac) History --------- Turn | Location | Event 2 | -11/Scrapyard | Discovered new exit (range 0) 2 | -11/Scrapyard | Entered Materials 301 | -10/Materials | Build established: Mutant 343 | -10/Materials | Discovered new exit (range 4) 357 | -10/Materials | Entered Subcaves 393 | -10/Subcaves | A swath of the cavern ceiling suddenly collapsed 1341 | -10/Subcaves | Discovered new exit (range 14) 1360 | -10/Subcaves | Visited triangular shrine 1375 | -10/Subcaves | Found Prototype Device 1375 | -10/Subcaves | Identified V3-11A's Pendant 1380 | -10/Subcaves | Befriended Subdweller 1425 | -10/Subcaves | Learned location of Zion (-7) 1425 | -10/Subcaves | Met a Zionite searching for "candidates" 1469 | -10/Subcaves | A swath of the cavern ceiling suddenly collapsed 1675 | -10/Subcaves | Learned 2 Materials zone layouts 1680 | -10/Subcaves | Discovered new exit (range 14) 1695 | -10/Subcaves | Befriended Subdweller 1822 | -10/Subcaves | Shifting Twisted Machinery released Battle Rifle 1832 | -10/Subcaves | Shifting Twisted Machinery released Battle Cannon 1940 | -10/Subcaves | Befriended Subdweller 2035 | -10/Subcaves | Befriended Subdweller 2045 | -10/Subcaves | Befriended Subdweller 2246 | -10/Subcaves | Discovered new exit (range 8) 2272 | -10/Subcaves | Visited Clippyterm 2279 | -10/Subcaves | Learned 40 Factory zone layouts 2285 | -10/Subcaves | Befriended Subdweller 2675 | -10/Subcaves | Befriended Subdweller 2675 | -10/Subcaves | Befriended Subdweller 2878 | -10/Subcaves | Disturbed a concealed Subdweller 2880 | -10/Subcaves | Befriended Subdweller 2955 | -10/Subcaves | Befriended Subdweller 2967 | -10/Subcaves | Shifting Twisted Machinery released Mak. Spear 2973 | -10/Subcaves | Shifting Twisted Machinery released Piercing Trap 3240 | -10/Subcaves | Shifting Twisted Machinery released Sub. Machine Gun 3304 | -10/Subcaves | Shifting Twisted Machinery released Sub. Beam Cannon 3715 | -10/Subcaves | Befriended Subdweller 3730 | -10/Subcaves | Befriended Subdweller 4540 | -10/Subcaves | Befriended Subdweller 4665 | -10/Subcaves | Befriended Subdweller 5554 | -10/Subcaves | Entered Recycling 5554 | -8/Recycling | Accompanied by 12 allies 5946 | -8/Recycling | Core integrity fell below 50% 6146 | -8/Recycling | Discovered new exit (range 7) 7207 | -8/Recycling | Scanned before Scraplab entrance 7241 | -8/Recycling | Entered Scraplab 7264 | -8/Recycling | Found SUBCON Basin 7370 | -8/Recycling | Discovered new exit (range 2) 7375 | -8/Recycling | Entered Scraptown 7375 | -8/Scraptown | Accompanied by 12 allies 7618 | -8/Scraptown | Visited UFD Registry 7618 | -8/Scraptown | Registered with UFD as "Kinetiframe" 7699 | -8/Scraptown | Visited Assassins FH 7795 | -8/Scraptown | Scanned Subdweller tech in exchange for log data 7803 | -8/Scraptown | Learned Factory terminal intel 7824 | -8/Scraptown | Learned location of 2 exits from Factory 7829 | -8/Scraptown | Learned Research garrison access intel 7848 | -8/Scraptown | Learned 12 Factory zone layouts 7877 | -8/Scraptown | Discovered new exit (range 13) 8673 | -8/Scraptown | Delivered V3-11A's Pendant to T0-NE2 in exchange for information 8759 | -8/Scraptown | Visited Cyclists 8805 | -8/Scraptown | Entered Cyclist Reading Room 8908 | -8/Scraptown | Visited Bundlers 9108 | -8/Scraptown | Visited The Evicted 9168 | -8/Scraptown | Visited Junk Repository 9214 | -8/Scraptown | Visited Symbiants 9519 | -8/Scraptown | Visited CR-KLE's Repair Center 10061 | -8/Scraptown | Visited Infowarlord's Domain 10082 | -8/Scraptown | Found Active Sensor Suite 10128 | -8/Scraptown | Visited Observation Area 10222 | -8/Scraptown | Visited Scrap Suit Storage 10299 | -8/Scraptown | Visited Science Guys 10489 | -8/Scraptown | Visited Botcube Research 10506 | -8/Scraptown | Found Botcube 10660 | -8/Scraptown | Delivered Scrap Shield to a Scientist 11100 | -8/Scraptown | Visited DA-N13 Charitable Foundation 11117 | -8/Scraptown | Found DCF Scrap (30 items) 11172 | -8/Scraptown | Visited LU-1G1's Boring Crew 11451 | -8/Scraptown | Found Scrap Suit 11498 | -8/Scraptown | Visited A0-MCA Data Center 11514 | -8/Scraptown | Given a C+ rating by A0-MCA 11522 | -8/Scraptown | Found A0-MCA's Component Scanner 11626 | -8/Scraptown | Discovered new exit (range 3) 12014 | -8/Scraptown | CR-KLE repaired 7 parts 12164 | -8/Scraptown | Visited Chapter 10 12961 | -8/Scraptown | Guru changed UFD alias to "Monorunner" 13094 | -8/Scraptown | Entered Factory 13094 | -6/Factory | Accompanied by 11 allies 13094 | -6/Factory | Evolved 8 slots: Power x1, Propulsion x2, Utility x5 13095 | -6/Factory | Identified exit to Lower Caves 13096 | -6/Factory | Identified exit to Factory 13097 | -6/Factory | Identified exit to Extension 13098 | -6/Factory | Loaded intel: 28 terminal locations 13223 | -6/Factory | Lost 3 allies 13338 | -6/Factory | Entered Lower Caves 13340 | -6/Lower Caves | UFD Scientist delivered a prototype 13341 | -6/Lower Caves | Lost 8 allies 13343 | -6/Lower Caves | Found Prototype Protection 13345 | -6/Lower Caves | Identified Enh. Scrap Shield 13582 | -6/Lower Caves | Build established: Derelict-Assassin 13957 | -6/Lower Caves | Build established: Derelict-Skirmisher 13977 | -6/Lower Caves | Encountered a Warlord checkpoint 14027 | -6/Lower Caves | Learned Factory security intel 14159 | -6/Lower Caves | Spotted B-75 Beast 14657 | -6/Lower Caves | Build established: Derelict-Assassin 14789 | -6/Lower Caves | Discovered new exit (range 4) 14793 | -6/Lower Caves | Identified exit to Lower Caves 14805 | -6/Lower Caves | Entered another Lower Caves area 15167 | -6/Lower Caves | Discovered exit to Factory (range 5) 15181 | -6/Lower Caves | Prototype Device suddenly appears! 15955 | -6/Lower Caves | Core integrity fell below 50% 15978 | -6/Lower Caves | Lost 11 parts (2p4n2u3w) 15980 | -6/Lower Caves | Core integrity fell below 20% 16018 | -6/Lower Caves | Destroyed by S-27 Virus with Autogun Last Messages --------------- 15957_ Penetrated by Slug. 15957_ Dropped Broken Mak. Transmission Jammer. 15958_ Acquired 36 matter. 15958_ Acquired 1 matter. 15960_ Penetrated by Slug. 15975_ Slug penetrates G-67 Veteran. 15976_ Critical hit (Burn: +37). 15980_ Penetrated by Slug. 15992_ Acquired Tractor Beam. 15993_ Acquired 1 matter. 15993_ Acquired 3 matter. 15993_ Acquired 5 matter. 15993_ Acquired 20 matter. 15993_ Acquired 4 matter. 15993_ Acquired 15 matter. 15993_ Acquired 18 matter. 15997_ Slug penetrates Wall. 16006_ Tractor Beam destroyed. 16010_ S-27 Virus held in stasis. 16018_ Dropped Stasis Beam. Map ----- +----------------------------------------------------+ | ?????????????????????????????????????????????????? | | ?????????????????????????????????????????????????? | | ?????????????????????????????????????????????????? | | ?????????????????????????????????????????????????? | | ?????????????????????????????????????????????????? | | ?????????????????????????????????????????????????? | | ?????????????????????????????????????????????????? | | ?????????????????????????????????????????????????? | | ?????????????????????????????????????????????????? | | ?????????????????????????????????????????????????? | | ?????????????????????????????????????????????????? | | ?????????????????????????????????????????????????? | | ?????????????????????????????????????????????????? | | ?????????????????????????????????????????????????? | | ?????????????????????????????????????????????????? | | ?????????????????????????????????????????????????? | | ????????????????##???????????????????????????????? | | ???????????????## ???????????????????????????????? | | ???????????????? ??????????????????????????????? | | ?????????????????# ?????????????????????????????? | | ??????????????????# ????????????????????????????? | | ??????????????????# ???????????????????????????? | | ?????????????????## ?#####????????????????????? | | ?????????????????# ## ##??????##???????????? | | ?????????????????# ####### ##??????????? | | ?????????????????# s@ %####???????? | | ?????????????????## ####| % ??????? | | ????????????????????????## ??????? | | ?????????????????????????##s ###?????????? | | ??????????????????????????# ##???????????? | | ??????????????????????????# ### ??????? | | ??????????????????????????# % % ??????? | | ??????????????????????????# ## % #???????? | | ??????????????????????????# ##?? ######???????? | | ?????????????????????????## ##???? #????????????? | | ????????????????????????## ##?????? ????????????? | | ????????????????????????# ##???????????????????? | | ???????????????????????## ##??????????????????? | | ??????????????????????? # #??????????????????? | | ????????????????####?### # ###????????????????? | | ????????????????#""""""# # ## ##???????????????? | | ????????????????? ? # # ## % "??????????????? | | ?????????????????? ??/ # ##! " ????????????? | | ????????????????###//#?# # ### #### ??????????? | | ????????????????# ?# ### ##???? #?????????? | | ????????????????# ?# ## ##??????????????? | | ????????????# ## ## # ####???????????? | | ?????????????# # #???????????? | | ??????????????# ### #???????????? | | ??????????????## #?## ### #???????????? | +----------------------------------------------------+ Best States ------------- Heat Dissipation 37 Energy Generation 27 Energy Capacity 335 Matter Stores 300 Matter Capacity 300 Sight Range 16 Robot Scan Range 20 Terrain Scan Density 10 Jamming Range 14 Armor Coverage 950 Resistance: EM 15 Evasion (%) 55 Recoil Reduction 4 Item Schematics ----------------- Huge Storage Unit | -8/Recycling | Hacked Robot Schematics ------------------ None Fabricated ------------ Nothing Alien Tech Used ----------------- None Achievements -------------- None Challenges ------------ None Game ------ Seed WarlordVortexComputer Manual? 0 Play Time 01:30:47 Cumulative 302.9 hours Start 2024.11.25 @ 17:48:45 End 2024.12.21 @ 16:22:47 Sessions 6 Manual Loads 0 Difficulty Rogue Special Mode None Game No. 382 Rogue 382 Adventurer 0 Explorer 0 Win Type - Total 9 Types 8/0/0/1/0/0/0/0/0 Lore% 70 Gallery% 85 Achievement% 72 Wizard Run 0 Options --------- Layout 0 ASCII 0 Keyboard 0 Movement Numpad Keybinds 0 Fullscreen 2 Font 18/SmallcapsGlow Map View 76x50 Zoom Use 0% Tactical HUD 1 Map Filters NONE Filters NONE Steam 1 RUN: 1fb9e781-50ad-4fbe-b19b-83c2e1db3946